 Dungeon Crawl Stone Soup version 0.27.1 (webtiles) character file.

Game seed: 17724011017099361203

13 r3algoood the Conjurer (level 2, -11/20 HPs)
             Began as a Draconian Conjurer on Sept 3, 2021.
             Mangled by a gnoll (13 damage)
             ... on level 1 of the Dungeon.
             The game lasted 00:01:10 (914 turns).

r3algoood the Conjurer (Draconian Conjurer)          Turns: 914, Time: 00:01:10

Health: -11/20     AC:  4    Str:  9    XL:     2   Next: 24%
Magic:  2/5        EV: 12    Int: 18    God:
Gold:   44         SH:  0    Dex:  9    Spells: 4/5 levels left

rFire    . . .     SeeInvis .   (no weapon)
rCold    . . .     Faith    .   (no shield)
rNeg     . . .     Spirit   .   (armour unavailable)
rPois    .         Reflect  .   (helmet restricted)
rElec    .         Harm     .   (no cloak)
rCorr    .         Rampage  .   (no gloves)
Will     .....                  (no boots)
Stlth    ++........             (no amulet)
HPRegen  0.06/turn              (no ring)
MPRegen  0.09/turn              (no ring)

@: no status effects
A: AC +4, unfitting armour, cold-blooded
a: no special abilities


You were on level 1 of the Dungeon.
You visited 1 branch of the dungeon, and saw 1 of its levels.

You collected 44 gold pieces.

Inventory:

Scrolls
 a - a scroll of summoning {unknown}
 b - a scroll of fear {unknown}
 c - a scroll of acquirement {unknown}


   Skills:
 + Level 1.8 Dodging
 + Level 1.8 Stealth
 + Level 2.2 Spellcasting
 + Level 4.3 Conjurations


You had 4 spell levels left.
You knew the following spells:

 Your Spells              Type           Power      Damage    Failure   Level
a - Magic Dart            Conj           68%        1d6       3%          1

Your spell library contained the following spells:

 Spells                   Type           Power      Damage    Failure   Level
 Searing Ray              Conj           34%        3d4       4%          2
 Dazzling Flash           Conj/Hex       18%        N/A       22%         3
 Fulminant Prism          Conj/Hex       4%         3d6       58%         4
 Iskenderun's Mystic Bla  Conj/Tloc      9%         2d4       58%         4


Dungeon Overview and Level Annotations

Branches:
Dungeon (1/15)

Altars:


Innate Abilities, Weirdness & Mutations

Your plain brown scales are hard. (AC +4)
You cannot fit into any form of body armour.
You are cold-blooded and may be slowed by cold attacks.


Message History

Confirm with . or Enter, or press ? or * to list all spells.
You don't have enough magic to cast this spell.
Unknown command.
A gnoll comes into view. It is wielding a +0 flail.
The gnoll shouts!
The dart slug launches a dart at you.
The slug dart hits you but does no damage.
There is a faded altar of an unknown god here.
You see here a scroll of immolation.
You see here a dart slug corpse.
The dart slug launches a dart at you. The slug dart misses you.
The gnoll hits you with a +0 flail. The dart slug barely misses you.
The gnoll misses you. The dart slug launches a dart at you.
The slug dart hits you. The gnoll misses you. The gnoll barely misses you.
Casting: Magic Dart (safe; 3% risk of failure)
Confirm with . or Enter, or press ? or * to list all spells.
Aiming: Magic Dart (safe; 3% risk of failure)
Press: ? - help, Shift-Dir - straight line, f/p - dart slug
Aim: a dart slug (lightly wounded, 100% to hit)
The magic dart hits the gnoll.
The gnoll is lightly wounded.
Casting: Magic Dart (safe; 3% risk of failure)
Confirm with . or Enter, or press ? or * to list all spells.
Aiming: Magic Dart (safe; 3% risk of failure)
Press: ? - help, Shift-Dir - straight line, f/p - dart slug
Aim: a dart slug (lightly wounded, 100% to hit)
The magic dart hits the gnoll.
The gnoll is heavily wounded.
The gnoll hits you with a +0 flail!
Ouch! That really hurt!
* * * LOW HITPOINT WARNING * * *
Unknown command.
The gnoll misses you. The gnoll hits you with a +0 flail!
Ouch! That really hurt!
You die...

#.##.#.##.#.........######### #.#
#.#....#..###...#.### #..
......##.[..#...#.# ###
###.....)#.....##.######
#...#..[.##..........######
#...###.†#...#.#####......#####
.......#.##........##...........
.. ...........#..#........≈≈≈≈.≈
. .....####>.#@.####.....≈≈≈≈.≈
#.........g.####.....≈≈≈≈.≈ ..
#.###.####.......###.≈≈≈≈.≈ ...
#. #.####..###### #.≈≈≈≈.. ....#.
#.......# #.......
....#.########.## #..≈≈≈≈≈. .
...#...w..w.########..≈≈≈≈≈. #
#.##.#.#####............≈≈≈≈≈.
#.##.#......###.###.##.##..≈≈≈≈≈.


You could see a gnoll and a dart slug.

Vanquished Creatures
  A dart slug (D:1)
  4 hobgoblins (D:1)
  A quokka (D:1)
  2 bats (D:1)
  A frilled lizard (D:1)
  2 rats (D:1)
11 creatures vanquished.

Notes
Turn   | Place    | Note
-------+----------+-------------------------------------------
     0 | D:1      | r3algoood the Draconian Conjurer began the quest for the
                  | Orb.
     0 | D:1      | Reached XP level 1. HP: 14/14 MP: 3/3
   683 | D:1      | Reached XP level 2. HP: 20/20 MP: 0/5
   871 | D:1      | Found a faded altar of an unknown god.
   914 | D:1      | Mangled by a gnoll

Illustrated notes

Levels and vault maps discovered:
D:1:      amcnicky_arrival_gap_in_the_tavern_cellar, layout_loops_cross,
          hellmonk_ecumenical_altar_blasted, minivault_14, minmay_pentomino_z4

Action                   || total
-------------------------++-------
Melee: Unarmed           ||     7
       Tailslap          ||     1
 Cast: Magic Dart        ||    28
Armor: Skin              ||     5
Dodge: Dodged            ||    23
